AoeStats
← MaxiMoO

Hideout

510177501Analyzed
1v1 RM · 23h ago on Sep 29, 2026· 32m 47s· 2 players
Game mode
Random Map
Map size
Tiny (2 player)
Population
200
Speed
Normal
Resources
Standard
Victory
Conquest
Starting age
Dark Age
Ending age
Imperial Age
RankedLock teamsTeams togetherTeam positionsShared explorationLock speedFull tech treeHidden civsTurbo modeCheats
Victory
Defeat
🇦🇷 Cumans · Argentina
1295
+17
🇺🇸 Teutons · United States
1316
-17
MaxiMoO
9:08 Feudal Age
9:40 Double-Bit Axe
10:28 Loom
12:17 Fletching
17:34 Horse Collar
25:01 Castle Age
24:04 Scale Barding Armor
24:31 Bloodlines
27:45 Wheelbarrow
26:58 Town Watch
30:01 Capped Ram
smittens
6:01 Loom
9:15 Feudal Age
9:57 Double-Bit Axe
13:52 Fletching
18:28 Horse Collar
20:01 Padded Archer Armor
22:39 Forging
25:45 Scale Barding Armor
28:26 Castle Age
28:20 Bloodlines
30:11 Bow Saw
Connection lost

Rejoining the realm…

Still unreachable

The connection could not be restored.

Session expired

The server has moved on; the page needs a fresh start.